[Event "44th Chess Olympiad Women 2022"]
[Site "Chennai"]
[Date "2022.08.09"]
[Round "11.22"]
[White "Wafa, Shrook"]
[Black "Varela La Madrid, Tilsia Carolina"]
[Result "1-0"]
[ECO "C67"]
[WhiteElo "2141"]
[BlackElo "2079"]
[Annotator "NA RC"]
[PlyCount "121"]
[EventDate "2022.07.29"]
[EventType "team-tourn"]
[EventCountry "IND"]
[SourceTitle "playchess.com"]
[Source "ChessBase"]
[SourceQuality "1"]
[WhiteTeam "Egypt"]
[BlackTeam "Venezuela"]
[WhiteTeamCountry "EGY"]
[BlackTeamCountry "VEN"]
[TimeControl "40/5400+30:1800+30"]

1. e4 e5 2. Nf3 Nc6 3. Bb5 Nf6 4. O-O Nxe4 5. Re1 Nd6 6. Bxc6 dxc6 7. Nxe5 Be6 8. d4 Nf5 9. c3 Be7 10. Nd2 O-O 11. Ne4 Re8 12. Bf4 Nh4 13. Bg3 Ng6 14. Qf3 Bd6 15. b3 Bd5 16. c4 Be6 17. Rad1 Qc8 18. Nxd6 cxd6 19. Nxg6 hxg6 20. Bxd6 Qd7 21. Qg3 Rad8 22. Bc7 Bg4 23. Bxd8 Bxd1 24. Rxd1 Qxd8 25. h3 Re2 26. a4 Re6 27. d5 Rd6 28. Qe5 f6 29. Qe4 Kf7 30. h4 f5 31. Qe5 Qf6 32. Qe3 b6 33. Re1 Qd8 34. dxc6 Rxc6 35. Qe5 Qd7 36. Re3 Re6 37. Qxe6+ Qxe6 38. Rxe6 Kxe6 39. Kf1 Ke5 40. Ke2 Kd4 41. Kd2 f4 42. Kc2 a6 43. Kd2 a5 44. Kc2 Ke4 45. Kc3 f3 46. gxf3+ Kxf3 47. b4 axb4+ 48. Kxb4 Kxf2 49. c5 bxc5+ 50. Kxc5 Kg3 51. a5 Kxh4 52. a6 g5 53. a7 g4 54. a8=Q Kg3 55. Kd4 Kf2 56. Ke4 g5 57. Qa3 Kg2 58. Kf5 g3 59. Kg4 Kh2 60. Qxg3+ Kh1 61. Qe1+ 1-0

[Event "44th Chess Olympiad Women 2022"]
[Site "Chennai"]
[Date "2022.08.09"]
[Round "11.22"]
[White "Wafa, Shahenda"]
[Black "Rovira Contreras, Tairu Manuela"]
[Result "1-0"]
[ECO "C96"]
[WhiteElo "2115"]
[BlackElo "2036"]
[Annotator "RC"]
[PlyCount "217"]
[EventDate "2022.07.29"]
[EventType "team-tourn"]
[EventCountry "IND"]
[SourceTitle "playchess.com"]
[Source "ChessBase"]
[SourceQuality "1"]
[WhiteTeam "Egypt"]
[BlackTeam "Venezuela"]
[WhiteTeamCountry "EGY"]
[BlackTeamCountry "VEN"]
[TimeControl "40/5400+30:1800+30"]

1. e4 e5 2. Nf3 Nc6 3. Bb5 a6 4. Ba4 Nf6 5. O-O b5 6. Bb3 Be7 7. Re1 O-O 8. h3 d6 9. c3 Na5 10. Bc2 c5 11. d4 Nd7 12. Nbd2 Re8 13. Nf1 exd4 14. cxd4 Nc6 15. Bf4 Bb7 16. Ne3 Nb4 17. Bb1 Bf8 18. Nf5 Nf6 19. d5 a5 20. a3 Na6 21. a4 bxa4 22. Bd3 Bc8 23. Qxa4 Nb4 24. Bb5 Rxe4 25. Rxe4 Nxe4 26. Ne3 Qf6 27. Bc6 Ra6 28. Bh2 Qxb2 29. Rf1 Nc3 30. Qa1 Qxa1 31. Rxa1 Nxc6 32. dxc6 Rxc6 33. Ra3 Ne2+ 34. Kf1 Ba6 35. Ke1 g6 36. Rxa5 Nc1 37. Nd5 Nd3+ 38. Kd2 Nxf2 39. Nf6+ Kg7 40. Ne8+ Kh8 41. Ke3 Nd1+ 42. Kd2 Nb2 43. Kc3 Nd3 44. Rxa6 Rxa6 45. Kxd3 Ra8 46. Nc7 Ra2 47. g4 c4+ 48. Ke4 c3 49. Bf4 c2 50. Nd4 Bg7 51. Ncb5 Be5 52. Bd2 Rb2 53. Kd3 f5 54. gxf5 gxf5 55. Nc3 f4 56. Nxc2 Kg7 57. Ne1 Kg6 58. Nf3 Kf5 59. Nh4+ Ke6 60. Nf3 h6 61. Ne2 Rb3+ 62. Bc3 Rb8 63. Bd2 Rf8 64. Nfd4+ Ke7 65. Ke4 Ra8 66. Bxf4 Ra3 67. h4 Bf6 68. Bxh6 Rh3 69. Nf5+ Kd7 70. Bg5 Rxh4+ 71. Bxh4 Bxh4 72. Nxh4 Kc6 73. Kd4 Kb5 74. Nc3+ Kc6 75. Nd5 Kb5 76. Nf5 Kc6 77. Ng7 Kb5 78. Ne6 Kc6 79. Kc4 Kd7 80. Ng7 Kc6 81. Nc3 Kd7 82. Kd5 Ke7 83. Nh5 Kf7 84. Ne2 Kg6 85. Nhf4+ Kf5 86. Ne6 Kg4 87. N2d4 Kg3 88. Ke4 d5+ 89. Ke3 Kg4 90. Kf2 Kh5 91. Kf3 Kg6 92. Kg4 Kf6 93. Kf4 Ke7 94. Ke5 Kd7 95. Nc5+ Kc7 96. Ke6 Kb6 97. Ncb3 Kc7 98. Ke7 Kb6 99. Kd6 Kb7 100. Kd7 Kb6 101. Kc8 Ka7 102. Kc7 Ka6 103. Kc6 Ka7 104. Nc5 Kb8 105. Kd7 Ka7 106. Kc7 Ka8 107. Nc6 d4 108. Na4 d3 109. Nb6# 1-0

[Event "44th Chess Olympiad Women 2022"]
[Site "Chennai"]
[Date "2022.08.09"]
[Round "11.22"]
[White "Otazo Sanchez, Annyd Gabriela"]
[Black "Moaataz, Ayah"]
[Result "1-0"]
[ECO "B13"]
[WhiteElo "1932"]
[BlackElo "2119"]
[Annotator "RC"]
[PlyCount "85"]
[EventDate "2022.07.29"]
[EventType "team-tourn"]
[EventCountry "IND"]
[SourceTitle "playchess.com"]
[Source "ChessBase"]
[SourceQuality "1"]
[WhiteTeam "Venezuela"]
[BlackTeam "Egypt"]
[WhiteTeamCountry "VEN"]
[BlackTeamCountry "EGY"]
[TimeControl "40/5400+30:1800+30"]

1. e4 c6 2. d4 d5 3. exd5 cxd5 4. Bd3 Qc7 5. c3 Nc6 6. Nf3 Bg4 7. Nbd2 e6 8. O-O Bd6 9. h3 Bh5 10. Qa4 Nf6 11. Re1 O-O 12. a3 Bg6 13. Bxg6 hxg6 14. c4 dxc4 15. Nxc4 Nd5 16. Nxd6 Qxd6 17. Bd2 Nb6 18. Qd1 Rfd8 19. Bc3 Qf4 20. Qe2 Rd5 21. Qe3 Qd6 22. Rad1 Rd8 23. Qe4 Qe7 24. Qg4 Na4 25. Re3 Rb5 26. Rde1 Nxc3 27. bxc3 Ra5 28. a4 Qf6 29. h4 Ne7 30. Ng5 Nf5 31. Rh3 Rxa4 32. Ne4 Qe7 33. h5 Nh6 34. Qd1 Ra5 35. hxg6 f5 36. Ng3 Rad5 37. Qb3 b5 38. Nh5 Qg5 39. Rxe6 Kh8 40. Qxd5 Qc1+ 41. Kh2 Qg5 42. f4 Ng4+ 43. Kg1 1-0

[Event "44th Chess Olympiad Women 2022"]
[Site "Chennai"]
[Date "2022.08.09"]
[Round "11.22"]
[White "Perez Hernandez, Vicmary C."]
[Black "Elansary, Eman"]
[Result "1-0"]
[ECO "B05"]
[WhiteElo "1862"]
[BlackElo "1936"]
[Annotator "TA"]
[PlyCount "61"]
[EventDate "2022.07.29"]
[EventType "team-tourn"]
[EventCountry "IND"]
[SourceTitle "playchess.com"]
[Source "ChessBase"]
[SourceQuality "1"]
[WhiteTeam "Venezuela"]
[BlackTeam "Egypt"]
[WhiteTeamCountry "VEN"]
[BlackTeamCountry "EGY"]
[TimeControl "40/5400+30:1800+30"]

1. e4 Nf6 2. e5 Nd5 3. c4 Nb6 4. d4 d6 5. exd6 cxd6 6. Nc3 g6 7. Nf3 Bg4 8. h3 Bxf3 9. Qxf3 Nc6 10. Be3 Bg7 {[%emt 0:00:06] B05: Alekhine's Defence: 4 Nf3 Bg4.} 11. Rd1 O-O 12. Be2 e5 {[%emt 0:05:54] White has an edge.} 13. dxe5 {[%emt 0:03:34] White is more active.} Nxe5 14. Qf4 {[%emt 0:00:37] Threatens to win with c5.} ({Don't play} 14. Qxb7 Nbxc4 15. Bxa7 Qc8 16. Qxc8 Rfxc8 $15) 14... Rc8 {[%emt 0:02:38] Inhibits c5.} (14... Qc7 $14) 15. c5 $1 $18 Nbd7 {[%emt 0:04:07] [#]} 16. cxd6 $146 ({Don't take} 16. Rxd6 $6 Qe8 $16) ({Predecessor:} 16. Rxd6 Qa5 17. b4 Qa3 18. Nd5 Rfe8 19. O-O Qxa2 20. Bb5 Rcd8 21. Bd4 Re6 22. Rxe6 fxe6 {1-0 (35) Holzschuh,P-Tischendorf,M Aachen 1988}) 16... Nc5 17. O-O Qa5 (17... Ne6 {is a better defense.} 18. Qa4 Nc6) 18. Nd5 Ne6 19. Qe4 {[%emt 0:06:01] [#] Strongly threatening Ne7+.} Nc6 (19... Kh8 20. Nf4 Nc5 21. Bxc5 Rxc5) 20. Bg4 Rcd8 21. Bxe6 fxe6 22. Qxe6+ Kh8 23. Ne7 {[%emt 0:09:00] Inhibits Rf5.} (23. Bg5 $142) 23... Qe5 24. Qxe5 Nxe5 25. b3 a6 26. Bb6 Rd7 27. f4 Nf7 28. Bc7 (28. Bc5 $18 {is more deadly.}) 28... Bb2 (28... Nxd6 $16 29. Bxd6 Rfd8) 29. Rf2 Ba3 30. Ba5 {[%emt 0:03:46] [#] White wants to mate with Bc3+.} Bc5 $2 (30... Kg7 $18) 31. Bc3+ {[%emt 0:00:12] Black got outplayed after the opening.  Weighted Error Value: White=0.40/Black=0.95} 1-0

[Event "44th Chess Olympiad Women 2022"]
[Site "Chennai"]
[Date "2022.08.09"]
[Round "11.23"]
[White "Omonova, Umida"]
[Black "Hernandez Alvarez, Tania Regla"]
[Result "1/2-1/2"]
[ECO "B74"]
[WhiteElo "2195"]
[BlackElo "2058"]
[Annotator "RC"]
[PlyCount "64"]
[EventDate "2022.07.29"]
[EventType "team-tourn"]
[EventCountry "IND"]
[SourceTitle "playchess.com"]
[Source "ChessBase"]
[SourceQuality "1"]
[WhiteTeam "Uzbekistan"]
[BlackTeam "Costa Rica"]
[WhiteTeamCountry "UZB"]
[BlackTeamCountry "CRI"]
[TimeControl "40/5400+30:1800+30"]

1. e4 c5 2. Nf3 g6 3. d4 cxd4 4. Nxd4 Nc6 5. Be3 Nf6 6. Nc3 Bg7 7. Nb3 O-O 8. Be2 a5 9. a4 d6 10. O-O Be6 11. Nd4 Nxd4 12. Bxd4 Rc8 13. f4 Bc4 14. Bxc4 Rxc4 15. Qd3 Qc8 16. Rae1 Ng4 17. Bxg7 Qc5+ 18. Kh1 Kxg7 19. Re2 Rc8 20. h3 Nf6 21. e5 Nh5 22. Ne4 Qd4 23. Kh2 dxe5 24. fxe5 Qxe5+ 25. g3 Qxb2 26. c3 Qa3 27. Qd5 Nf6 28. Nxf6 exf6 29. Rxf6 R4c7 30. Ref2 Qxc3 31. Rxf7+ Rxf7 32. Qxf7+ Kh6 1/2-1/2

[Event "44th Chess Olympiad Women 2022"]
[Site "Chennai"]
[Date "2022.08.09"]
[Round "11.23"]
[White "Diaz Charpentier, Kristel Meliss"]
[Black "Bobomurodova, Maftuna"]
[Result "1/2-1/2"]
[ECO "A09"]
[WhiteElo "1989"]
[BlackElo "1914"]
[Annotator "TA"]
[PlyCount "90"]
[EventDate "2022.07.29"]
[EventType "team-tourn"]
[EventCountry "IND"]
[SourceTitle "playchess.com"]
[Source "ChessBase"]
[SourceQuality "1"]
[WhiteTeam "Costa Rica"]
[BlackTeam "Uzbekistan"]
[WhiteTeamCountry "CRI"]
[BlackTeamCountry "UZB"]
[TimeControl "40/5400+30:1800+30"]

1. Nf3 d5 2. c4 dxc4 3. Na3 c5 4. Nxc4 Nc6 5. g3 g6 6. b3 Bg7 7. Bb2 Nf6 8. Bg2 O-O 9. O-O Be6 {[%emt 0:01:39] A09: Réti Opening: 1 Nf3 d5 2 c4.} 10. Rc1 Rc8 {[%emt 0:00:38] [#]} 11. Re1 $146 ({Predecessor:} 11. d3 b6 12. Qd2 Qd7 13. Rfd1 Rfd8 14. Nfe5 Nxe5 15. Nxe5 Qd6 16. b4 Nd7 17. Nxd7 Bxb2 18. Qxb2 Bxd7 19. bxc5 Rxc5 20. Rxc5 Qxc5 {1-0 (42) Carlsen,M (2865)-Artemiev,V (2700) chess24.com INT 2022}) 11... a6 12. Ne3 Qa5 13. Ng5 Bd7 14. Bc3 Qd8 (14... Qxa2 $2 15. Ra1 Qxa1 16. Qxa1 $18) 15. d3 e6 16. h4 Qe7 17. Nc4 b5 18. Nb6 Rc7 19. Nxd7 {[%emt 0:00:10] White is more active.} (19. Bxf6 $16 Bxf6 20. Ne4 (20. Nxd7 Qxd7 21. Ne4 Be7 $14)) 19... Nxd7 $11 20. Bxg7 Kxg7 21. Qd2 Rfc8 22. Ne4 Nd4 23. e3 Nf5 (23... Nc6 $1 $11) 24. Qb2+ Kg8 25. Red1 Nd6 26. Ng5 Nf6 27. e4 {[%emt 0:03:33] [#] Strongly threatening e5.} e5 28. f4 Nd7 29. Nf3 ({White should try} 29. Bh3 $14) 29... f6 30. Bh3 Nf7 31. Qe2 Qd6 32. Bxd7 (32. Qe3 {seems wilder.} exf4 33. gxf4 Rd8 34. Rd2) 32... Qxd7 33. fxe5 Nxe5 34. Nxe5 fxe5 35. Kg2 Qd4 36. Rf1 Rf8 37. Rxf8+ Kxf8 {[%emt 0:00:01][%cal Bg8f8,Bf8f7,Bf7g7,Bg7g6][%mdl 4128] Endgame KQR-KQR} 38. Rf1+ Rf7 39. Rxf7+ Kxf7 {[%emt 0:00:01] KQ-KQ} 40. Qf2+ Kg7 41. Qxd4 {[%emt 0:33:40] The position is equal.} cxd4 42. b4 g5 43. Kf3 Kg6 44. Kg4 h5+ 45. Kf3 g4+ {[%emt 0:00:04] Weighted Error Value: White=0.14 (very precise) /Black=0.14 (very precise)} 1/2-1/2

[Event "44th Chess Olympiad Women 2022"]
[Site "Chennai"]
[Date "2022.08.09"]
[Round "11.23"]
[White "Khamdamova, Afruza"]
[Black "Rodriguez Arrieta, Maria Elena"]
[Result "1-0"]
[ECO "C77"]
[WhiteElo "1969"]
[BlackElo "1849"]
[Annotator "TA"]
[PlyCount "147"]
[EventDate "2022.07.29"]
[EventType "team-tourn"]
[EventCountry "IND"]
[SourceTitle "playchess.com"]
[Source "ChessBase"]
[SourceQuality "1"]
[WhiteTeam "Uzbekistan"]
[BlackTeam "Costa Rica"]
[WhiteTeamCountry "UZB"]
[BlackTeamCountry "CRI"]
[TimeControl "40/5400+30:1800+30"]

1. e4 e5 2. Nf3 Nc6 3. Bb5 a6 4. Ba4 Nf6 5. d3 b5 6. Bb3 Be7 7. Nc3 {[%emt 0:07:11] Recently 7.a4 got a lot of attention.} d6 8. a4 b4 {[%emt 0:06:18] C77: Ruy Lopez: 3...a6 4 Ba4 Nf6, unusual lines.} 9. Nd5 Nxd5 (9... Na5 $5 ) 10. Bxd5 Bb7 {[%emt 0:00:05] White is slightly better.} 11. c3 a5 {[%emt 0:04:12] [#]} 12. Bd2 $146 ({Predecessor:} 12. d4 Rb8 13. Be3 O-O 14. O-O Bf6 15. dxe5 dxe5 16. Qc2 Qc8 17. Bc5 Re8 18. Nd2 {1-0 (41) Auckland,E (2010)-Dines,S (1935) England 2009}) 12... Rb8 13. Rc1 bxc3 14. Bxc3 Nb4 15. Bxb4 axb4 (15... Bxd5 $11 {remains equal.} 16. Bxa5 Bb3) 16. Bxb7 {[%emt 0:08:10] White is more active.} Rxb7 17. d4 exd4 18. Nxd4 Bf6 19. O-O Bxd4 20. Qxd4 O-O 21. Qd5 Qa8 22. b3 $1 Re8 23. Rc4 Re5 24. Qc6 Re7 25. Rxb4 Ra7 26. Qxa8+ Rxa8 $16 {[%emt 0:00:02][%mdl 4096] Endgame KRR-KRR} 27. f3 Kf8 28. Rc1 Ke8 29. Rb7 Kd8 30. Kf2 Kc8 31. Rb5 Kd7 32. Ke3 Ra7 33. Kd3 Re6 34. Rf5 Re7 35. Rh5 h6 36. Ra1 Rb7 37. Kc3 Re8 38. b4 Reb8 39. b5 Ra8 40. a5 Rba7 (40... c6 {was worth a try.} 41. bxc6+ Kxc6) 41. a6 Rb8 (41... c6 $142) 42. Rd5 $18 {[%emt 0:04:07] Hoping for e5.} Rb6 (42... c6 {keeps fighting.}) 43. Rad1 Ke7 44. e5 (44. h4 $142) 44... c6 45. exd6+ Kd8 46. bxc6 (46. Re5 $16 {[%cal Od6d7] White wants to mate with d7!} cxb5 47. Re7 Raxa6 48. Rxf7) 46... Rxc6+ $11 47. Kd4 Raxa6 48. Ke5 Ra2 49. R1d2 Rcc2 50. Rxc2 Rxc2 {[%emt 0:00:02] KR-KR} 51. Ra5 {[%emt 0:00:11] Strongly threatening Ra8+.} Rxg2 {[%emt 0:00:30] And now ...Rg5+ would win.} 52. Ra8+ Kd7 53. Ra7+ Kd8 54. Rxf7 {[%emt 0:00:59] Threatens to win with h4.} Rxh2 55. Rxg7 Re2+ $2 (55... h5 $11) 56. Kf5 $18 h5 {[%emt 0:00:41] [#]} 57. Rh7 $2 (57. Rg6 $1 $18 Kd7 58. Rf6) 57... Rd2 $11 58. Ke5 Re2+ 59. Kf4 Rd2 $2 {[%emt 0:00:00][%mdl 8192] White now steadily converts the win.} (59... Rh2 $11) 60. Rxh5 $18 ({Less strong is} 60. Ke5 Re2+ 61. Kf4 Rh2 $16) 60... Rxd6 {[%emt 0:00:00] [#] White mates.} 61. Re5 $1 Ra6 62. Kg5 Ra3 63. f4 Rg3+ 64. Kf6 Rf3 65. f5 Rf1 66. Kg7 Rg1+ 67. Kf7 Rf1 68. Rd5+ Kc7 69. f6 Rf2 70. Ke7 Re2+ 71. Kf8 Rf2 72. f7 Rf1 73. Ke7 Re1+ 74. Kf6 {[%emt 0:00:00] Weighted Error Value: White=0.23 (precise) /Black=0.17 (very precise)} 1-0

[Event "44th Chess Olympiad Women 2022"]
[Site "Chennai"]
[Date "2022.08.09"]
[Round "11.23"]
[White "Ramirez Gonzalez, Maria Jose"]
[Black "Malikova, Marjona"]
[Result "1/2-1/2"]
[ECO "E16"]
[WhiteElo "1809"]
[BlackElo "1756"]
[Annotator "NA RC COMBH"]
[PlyCount "62"]
[EventDate "2022.07.29"]
[EventType "team-tourn"]
[EventCountry "IND"]
[SourceTitle "playchess.com"]
[Source "ChessBase"]
[SourceQuality "1"]
[WhiteTeam "Costa Rica"]
[BlackTeam "Uzbekistan"]
[WhiteTeamCountry "CRI"]
[BlackTeamCountry "UZB"]
[TimeControl "40/5400+30:1800+30"]

1. d4 Nf6 2. c4 e6 3. Nf3 b6 4. g3 Bb7 5. Bg2 Bb4+ 6. Nbd2 O-O 7. O-O d5 8. Qc2 Bxd2 9. Bxd2 dxc4 10. Rfd1 Bd5 11. Rac1 Nc6 12. Bg5 Bxf3 13. exf3 Nxd4 14. Qxc4 c5 15. Kf1 Rc8 16. a4 a5 17. Be3 e5 18. Rd2 Qd5 19. Qc3 Qe6 20. Rcd1 Nd5 21. Qd3 Nb4 22. Qe4 f5 23. Qh4 Qc4+ 24. Kg1 Ne2+ 25. Kh1 Qxh4 26. gxh4 Nd4 27. f4 e4 28. Bf1 Nbc2 29. Bc4+ Kh8 30. h5 g6 31. h6 g5 1/2-1/2

[Event "44th Chess Olympiad Women 2022"]
[Site "Chennai"]
[Date "2022.08.09"]
[Round "11.24"]
[White "Hoang, Thi Bao Tram"]
[Black "Shabanaj, Eglantina"]
[Result "1/2-1/2"]
[ECO "E09"]
[WhiteElo "2288"]
[BlackElo "1940"]
[Annotator "RC"]
[PlyCount "62"]
[EventDate "2022.07.29"]
[EventType "team-tourn"]
[EventCountry "IND"]
[SourceTitle "playchess.com"]
[Source "ChessBase"]
[SourceQuality "1"]
[WhiteTeam "Vietnam"]
[BlackTeam "Albania"]
[WhiteTeamCountry "VIE"]
[BlackTeamCountry "ALB"]
[TimeControl "40/5400+30:1800+30"]

1. Nf3 d5 2. g3 e6 3. Bg2 Nf6 4. O-O b6 5. b3 Bb7 6. Bb2 Nbd7 7. c4 c6 8. d4 Be7 9. Nbd2 O-O 10. Qc2 c5 11. Rac1 Rc8 12. Qb1 Re8 13. Rfd1 Bd6 14. e3 Qc7 15. cxd5 exd5 16. Nh4 Bf8 17. Nhf3 Qb8 18. Ne5 Bd6 19. Nxd7 Nxd7 20. Nf3 Qa8 21. Nh4 g6 22. Nf3 Bf8 23. Ne5 Nxe5 24. dxe5 Bg7 25. f4 Rcd8 26. Rd2 Rd7 27. Bh3 Rde7 28. Bg2 Rd7 29. Bh3 Rde7 30. Bg2 Rd7 31. Bh3 Rde7 1/2-1/2

[Event "44th Chess Olympiad Women 2022"]
[Site "Chennai"]
[Date "2022.08.09"]
[Round "11.24"]
[White "Bach, Ngoc Thuy Duong"]
[Black "Caku, Kler"]
[Result "1/2-1/2"]
[ECO "D36"]
[WhiteElo "2192"]
[BlackElo "1626"]
[Annotator "RC"]
[PlyCount "61"]
[EventDate "2022.07.29"]
[EventType "team-tourn"]
[EventCountry "IND"]
[SourceTitle "playchess.com"]
[Source "ChessBase"]
[SourceQuality "1"]
[WhiteTeam "Vietnam"]
[BlackTeam "Albania"]
[WhiteTeamCountry "VIE"]
[BlackTeamCountry "ALB"]
[TimeControl "40/5400+30:1800+30"]

1. d4 d5 2. c4 e6 3. Nc3 Nf6 4. cxd5 exd5 5. Bg5 Be7 6. e3 c6 7. Qc2 O-O 8. Bd3 h6 9. Bh4 Nbd7 10. Nf3 Re8 11. O-O a6 12. Bg3 Nh5 13. Be5 Nf8 14. h3 Nf6 15. Rab1 N6d7 16. Bg3 Ne6 17. b4 Nf6 18. a4 Bd6 19. Bxd6 Qxd6 20. a5 Nd7 21. Na4 Nc7 22. Nc3 Nb5 23. Qc1 Nxc3 24. Qxc3 Nf8 25. Qc5 Qxc5 26. bxc5 g6 27. Ne5 Kg7 28. Rfe1 f6 29. Nf3 Ne6 30. Nd2 Nc7 31. Nf3 1/2-1/2

[Event "44th Chess Olympiad Women 2022"]
[Site "Chennai"]
[Date "2022.08.09"]
[Round "11.24"]
[White "Gjergji, Rozana"]
[Black "Nguyen, Thien Ngan"]
[Result "1/2-1/2"]
[ECO "C95"]
[WhiteElo "1920"]
[BlackElo "1912"]
[Annotator "TA"]
[PlyCount "61"]
[EventDate "2022.07.29"]
[EventType "team-tourn"]
[EventCountry "IND"]
[SourceTitle "playchess.com"]
[Source "ChessBase"]
[SourceQuality "1"]
[WhiteTeam "Albania"]
[BlackTeam "Vietnam"]
[WhiteTeamCountry "ALB"]
[BlackTeamCountry "VIE"]
[TimeControl "40/5400+30:1800+30"]

1. e4 e5 2. Nf3 Nc6 3. Bb5 a6 4. Ba4 Nf6 5. O-O Be7 6. Re1 b5 7. Bb3 d6 8. h3 O-O 9. c3 Nb8 10. d4 Nbd7 11. Nbd2 Bb7 12. Bc2 Re8 13. Nf1 Bf8 14. Ng3 g6 15. Bd2 Bg7 16. Qc1 {[%emt 0:00:45] C95: Closed Ruy Lopez: Breyer Variation with 10 d4.} exd4 17. cxd4 c5 18. d5 {[%emt 0:02:06] The position is equal.} c4 19. Bh6 Bh8 {[%emt 0:00:26] [#]} 20. Kh1 $146 ({Predecessor:} 20. Qd2 Rc8 21. Rac1 Nc5 22. Nd4 Nfd7 23. b4 Nd3 24. Bxd3 Bxd4 25. Bxc4 Qh4 26. Qxd4 Qxh6 27. Qa7 Rc7 28. Rb1 bxc4 29. b5 axb5 30. Rxb5 Ra8 31. Qd4 Qg7 {0-1 (31) Csajbok,L (1820)-Demjen,M (1902) Budapest 2019}) 20... Nc5 21. Qd2 (21. b4 $11 cxb3 22. axb3) 21... Nfd7 $15 22. Rab1 Rc8 (22... a5 $5 ) 23. Qg5 (23. Bg5 $11 Qb6 24. Be3) 23... Qxg5 $17 24. Bxg5 Nb6 (24... Ne5 $17 {Hoping for ...Ned3.} 25. Re3 Ned3) 25. Be3 c3 26. Bd4 {[%emt 0:00:45] White does not recover from this.} (26. b3 $15) 26... cxb2 ({Better is} 26... Bxd4 $19 27. Nxd4 cxb2 28. Rxb2 Bxd5) 27. Rxb2 (27. Bxh8 $17 {was worth a try.} Kxh8 28. Rxb2) 27... Nc4 (27... Bxd4 $19 28. Nxd4 Bxd5) 28. Rbb1 Bxd4 29. Nxd4 Na3 30. Rbc1 Nxc2 31. Rxc2 {[%emt 0:00:22] Weighted Error Value: White=0.42/Black=0.12 (very precise)} 1/2-1/2

[Event "44th Chess Olympiad Women 2022"]
[Site "Chennai"]
[Date "2022.08.09"]
[Round "11.24"]
[White "Shuqja, Klean"]
[Black "Nguyen, Thi Mai Hung"]
[Result "1/2-1/2"]
[ECO "C02"]
[WhiteElo "1883"]
[BlackElo "2223"]
[Annotator "RC"]
[PlyCount "63"]
[EventDate "2022.07.29"]
[EventType "team-tourn"]
[EventCountry "IND"]
[SourceTitle "playchess.com"]
[Source "ChessBase"]
[SourceQuality "1"]
[WhiteTeam "Albania"]
[BlackTeam "Vietnam"]
[WhiteTeamCountry "ALB"]
[BlackTeamCountry "VIE"]
[TimeControl "40/5400+30:1800+30"]

1. e4 e6 2. d4 d5 3. e5 c5 4. c3 Nc6 5. Nf3 Qb6 6. a3 c4 7. Nbd2 Na5 8. Rb1 Bd7 9. b4 cxb3 10. c4 dxc4 11. Nxc4 Nxc4 12. Bxc4 Ne7 13. Qxb3 Qxb3 14. Bxb3 Bc6 15. O-O Nd5 16. Bb2 Be7 17. Nd2 O-O 18. Nc4 b6 19. Rfe1 Rac8 20. Ne3 Nxe3 21. Rxe3 Rfd8 22. f4 g6 23. g4 Bd5 24. Bd1 Rc7 25. Rc1 Rdc8 26. Rxc7 Rxc7 27. Kf2 b5 28. Ke2 a6 29. Kd2 Kf8 30. Rh3 Kg8 31. Re3 Kf8 32. Rh3 1/2-1/2

[Event "44th Chess Olympiad Women 2022"]
[Site "Chennai"]
[Date "2022.08.09"]
[Round "11.25"]
[White "Janzelj, Lara"]
[Black "Gitu, Paula-Alexandra"]
[Result "1-0"]
[ECO "A46"]
[WhiteElo "2215"]
[BlackElo "2109"]
[Annotator "RC"]
[PlyCount "69"]
[EventDate "2022.07.29"]
[EventType "team-tourn"]
[EventCountry "IND"]
[SourceTitle "playchess.com"]
[Source "ChessBase"]
[SourceQuality "1"]
[WhiteTeam "Slovenia"]
[BlackTeam "Moldova"]
[WhiteTeamCountry "SLO"]
[BlackTeamCountry "MDA"]
[TimeControl "40/5400+30:1800+30"]

1. Nf3 d6 2. g3 Nf6 3. Bg2 c6 4. d4 Bg4 5. b3 Nbd7 6. Bb2 e6 7. O-O d5 8. Nbd2 Bd6 9. Ne5 Bh5 10. c4 O-O 11. h3 Qe7 12. Qe1 Bg6 13. Nxg6 hxg6 14. e4 dxe4 15. Nxe4 Nxe4 16. Qxe4 f5 17. Qd3 e5 18. c5 Bc7 19. Qc4+ Qf7 20. Qxf7+ Rxf7 21. d5 e4 22. d6 Bd8 23. b4 a5 24. a3 Bf6 25. Bxf6 gxf6 26. f3 exf3 27. Bxf3 Re8 28. b5 Rc8 29. Rfc1 Rff8 30. Rab1 Ne5 31. Bg2 Rb8 32. Rd1 Rfc8 33. d7 Rd8 34. bxc6 Nxc6 35. Bxc6 1-0

[Event "44th Chess Olympiad Women 2022"]
[Site "Chennai"]
[Date "2022.08.09"]
[Round "11.25"]
[White "Rozman, Monika"]
[Black "Mihailova, Alina"]
[Result "1/2-1/2"]
[ECO "C54"]
[WhiteElo "2104"]
[BlackElo "1926"]
[Annotator "RC"]
[PlyCount "154"]
[EventDate "2022.07.29"]
[EventType "team-tourn"]
[EventCountry "IND"]
[SourceTitle "playchess.com"]
[Source "ChessBase"]
[SourceQuality "1"]
[WhiteTeam "Slovenia"]
[BlackTeam "Moldova"]
[WhiteTeamCountry "SLO"]
[BlackTeamCountry "MDA"]
[TimeControl "40/5400+30:1800+30"]

1. e4 e5 2. Nf3 Nc6 3. Bc4 Bc5 4. c3 Nf6 5. d3 d6 6. O-O a5 7. Be3 Ba7 8. Nbd2 O-O 9. Bxa7 Rxa7 10. Re1 h6 11. h3 Ne7 12. d4 Ng6 13. dxe5 dxe5 14. a4 Qe7 15. Qb3 Nh5 16. Rad1 Nhf4 17. Re3 Bd7 18. Ne1 Rb8 19. Ndf3 Be8 20. Bb5 c6 21. Bf1 b5 22. g3 Ne6 23. axb5 Nc5 24. Qc2 cxb5 25. Nd3 Bc6 26. Nxc5 Qxc5 27. Red3 Kh7 28. Qe2 b4 29. Rd8 Rxd8 30. Rxd8 Qe7 31. Rd1 bxc3 32. bxc3 a4 33. Qc4 Qb7 34. Nd2 a3 35. Ra1 Ra4 36. Qa2 Bxe4 37. Nxe4 Qxe4 38. Qxf7 Qc6 39. Qb3 Qa8 40. Bb5 Ra7 41. Qe6 Qf8 42. Bd3 Qf6 43. Qg4 Qd6 44. Be4 Ra6 45. h4 Kh8 46. Bxg6 Qxg6 47. Qxg6 Rxg6 48. Rxa3 Rc6 49. Kf1 Kg8 50. Ke2 Kf7 51. Kd3 Kf6 52. c4 g5 53. hxg5+ hxg5 54. Rc3 Rc5 55. Rc2 Kf5 56. Kc3 Ke4 57. Kb4 Rc8 58. c5 Kd3 59. Rc3+ Ke2 60. f3 Kf2 61. g4 Kg3 62. c6 e4 63. fxe4+ Kxg4 64. Kc5 Kf4 65. Kd6 Kxe4 66. Kd7 Rg8 67. c7 g4 68. Ke6 Kf4 69. c8=Q Rxc8 70. Rxc8 g3 71. Rc2 Kf3 72. Kf5 g2 73. Rc3+ Kf2 74. Rc2+ Kf1 75. Rc1+ Kf2 76. Kf4 g1=Q 77. Rxg1 Kxg1 1/2-1/2